 Dungeon Crawl Stone Soup version 0.22-a0-422-g9628fc87f1 (webtiles) character file.

18 Ikesh the Sneak (level 2, -2/15 HPs)
             Began as a Kobold Enchanter on May 19, 2018.
             Slain by an adder (3 damage)
             ... on level 2 of the Dungeon.
             The game lasted 00:04:20 (1042 turns).

Ikesh the Sneak (Kobold Enchanter)                  Turns: 1042, Time: 00:04:20

Health: -2/15      AC:  2    Str:  5    XL:     2   Next: 85%
Magic:  5/5        EV: 15    Int: 16    God:
Gold:   86         SH:  0    Dex: 15    Spells: 4/5 levels left

rFire    . . .     SeeInvis .   a - +1 dagger
rCold    . . .     Gourm    .   (shield restricted)
rNeg     . . .     Faith    .   b - +0 robe
rPois    .         Spirit   .   (no helmet)
rElec    .         Reflect  .   (no cloak)
rCorr    .         Harm     .   (no gloves)
MR       .....                  (no boots)
Stlth    +++.......             (no amulet)
HPRegen  0.05/turn              (no ring)
MPRegen  0.09/turn              (no ring)

@: lethally poisoned (-2 -> -6)
A: small, carnivore
a: no special abilities


You were on level 2 of the Dungeon.
You were completely stuffed.

You visited 1 branch of the dungeon, and saw 2 of its levels.

You collected 86 gold pieces.

Inventory:

Hand Weapons
 a - a +1 dagger (weapon)
Armour
 b - a +0 robe (worn)
Scrolls
 c - a scroll of blinking {unknown}
 i - a scroll of identify {unknown}
Potions
 e - a potion of heal wounds {unknown}
 f - 3 potions of curing {unknown}
 g - a potion of invisibility {unknown}
 h - a potion of might {unknown}
Comestibles
 d - 3 rations
 j - a chunk of flesh


   Skills:
 + Level 1.3 Short Blades
 + Level 2.7 Dodging
 + Level 4.6 Stealth
 + Level 2.4 Spellcasting
 + Level 3.2 Hexes


You had 4 spell levels left.
You knew the following spells:

 Your Spells              Type           Power        Failure   Level  Hunger
a - Corona                Hex            ##.....      5%          1    #......

Your spell library contained the following spells:

 Spells                   Type           Power        Failure   Level  Hunger
 Confuse                  Hex            ##......     16%         3    ###....
 Tukima's Dance           Hex            ##......     16%         3    ###....
 Ensorcelled Hibernation  Hex/Ice        #.....       16%         2    ###....
 Dazzling Spray           Conj/Hex       #.....       30%         3    ###....


Dungeon Overview and Level Annotations

Branches:
Dungeon (2/15)

Altars:


Innate Abilities, Weirdness & Mutations

You are small and have problems with some larger weapons.
You are carnivorous and can eat meat at any time.


Message History

You barely miss the adder.
The adder is almost dead.
The adder stops glowing.
The adder misses you.
You closely miss the adder.
The adder is almost dead.
You feel sick. The adder bites you.
* * * LOW HITPOINT WARNING * * *
You are lethally poisoned!
The adder poisons you!
You closely miss the adder.
The adder is almost dead.
The adder misses you.
You closely miss the adder.
The adder is almost dead.
The adder bites you but does no damage.
You miss the adder.
The adder is almost dead.
* * * LOW HITPOINT WARNING * * *
You feel sick. The adder bites you.
You die...

.# #####.#
...#.##### #
#..#.....
#.#.##.S#..#####
.......@.......#
#.#.##......##.
#........##
#.......#..#
#########..#####.
#........
##'#######
##...## ##.....##


You could see an adder.

Vanquished Creatures
  2 dart slugs (D:1)
  A giant cockroach (D:1)
  3 hobgoblins
  A kobold (D:1)
  4 bats (D:1)
  2 frilled lizards
  A rat (D:1)
14 creatures vanquished.

Notes
Turn   | Place    | Note
-------+----------+-------------------------------------------
     0 | D:1      | Ikesh the Kobold Enchanter began the quest for the Orb.
     0 | D:1      | Reached XP level 1. HP: 10/10 MP: 3/3
   323 | D:1      | Reached XP level 2. HP: 12/15 MP: 3/5
   981 | D:2      | Noticed an orc warrior
  1042 | D:2      | Slain by an adder

Vault maps used:
D:1:      giann_bridges
D:2:      kennysheep_generic_room_8

Action                   || total
-------------------------++-------
Melee: Dagger            ||    64
 Cast: Corona            ||    14
 Stab: Sleeping          ||     3
  Eat: Chunk             ||     9
Armor: Robe              ||     8
Dodge: Dodged            ||    65

Table legend:
 A = Spawn XP
 B = Non-spawn XP
 C = Spawn XP percentage of total XP
 D = Spawn monster count
 E = Non-spawn monster count
 F = Spawn count percentage of total count
 G = Total turns spent on level
                    A         B        C        D         E        F      G
               +---------+---------+-------+---------+---------+-------+---------
         Total |       0 |      26 |   0.0 |       0 |      14 |   0.0 |  1042
               +---------+---------+-------+---------+---------+-------+---------
           D:1 |       0 |      23 |   0.0 |       0 |      12 |   0.0 |   881
           D:2 |       0 |       3 |   0.0 |       0 |       2 |   0.0 |   161
               +---------+---------+-------+---------+---------+-------+---------
